 Dungeon Crawl Stone Soup version 0.32-a0-171-g4625e66871 (webtiles) character file.

Game seed: 13174797885274882999

28047 MacCMillion the Thaumaturge (level 13, -10/96 HPs)
             Began as a Djinni Alchemist on Feb 12, 2024.
             Was an Elder of Makhleb.
             Mangled by a reaper
             ... wielding a +2 scythe of protection
              (21 damage)
             ... in a Gauntlet.
             The game lasted 00:37:59 (15972 turns).

MacCMillion the Thaumaturge (Djinni Alchemist)     Turns: 15972, Time: 00:38:00

Health: -10/96     AC:  9    Str: 10    XL:     13   Next: 70%
Gold:   845        EV: 17    Int: 25    God:    Makhleb [****..] SH: 11 Dex: 24

rFire   + + .        A - +4 rapier of Crawling {flame, Str-3 Dex+7}
rCold   . . .        B - +0 buckler
rNeg    . . .        Q - +0 troll leather armour
rPois   ∞            D - +0 helmet
rElec   .            s - +0 cloak
rCorr   .            v - +2 pair of gloves {Dex+3}
SInv    .            (boots unavailable)
Will    +....        M - amulet of reflection
Stlth   ++++         P - ring "Tena" {rC+ Str+6 Int+3}
HPRegen 1.16/turn    (no ring)
MPRegen 0.00/turn

%: no teleportation, reflection, infuse magic (-11 HP)
@: flying, studying Armour
A: sickness immunity, fire resistance 2, cold vulnerability 1, float, innate
caster, HP casting, extra vitality 1
a: Renounce Religion, Minor Destruction, Lesser Servant of Makhleb, Major
Destruction


You were in a Gauntlet.
You worshipped Makhleb.
Makhleb was greatly pleased with you.
You visited 4 branches of the dungeon, and saw 17 of its levels.
You also visited: Gauntlet.

You collected 1225 gold pieces.
You spent 380 gold pieces at shops.

Inventory:

Hand Weapons
 b - a +0 dagger
 A - the +4 rapier of Crawling (weapon) {flame, Str-3 Dex+7}
   (You found it on level 6 of the Dungeon)

   Str-3:     It affects your strength (-3).
   Dex+7:     It affects your dexterity (+7).
Missiles
 j - 5 curare-tipped darts
Armour
 s - a +0 cloak (worn)
 v - a +2 pair of gloves of dexterity (worn)
 B - a +0 buckler (worn)
 D - a +0 helmet (worn)
 Q - a +0 troll leather armour (worn)
Magical Staves
 g - a staff of conjuration
Jewellery
 J - a ring of wizardry
 M - an amulet of reflection (around neck)
 P - the ring "Tena" (left hand) {rC+ Str+6 Int+3}
   (You found it on level 11 of the Dungeon)

   [ring of strength]

   Str+6:     It affects your strength (+6).
   Int+3:     It affects your intelligence (+3).
   rC+:       It protects you from cold.
 T - the ring of the Evil One {Fire rPois}
   (You found it in a Gauntlet)

   [ring of fire]

   Fire:      It enhances your fire magic.
   rF+:       It protects you from fire.
   rC-:       It makes you vulnerable to cold.
   rPois:     It protects you from poison
Wands
 l - a wand of paralysis (21)
 w - a wand of flame (14)
 x - a wand of acid (2)
 C - a wand of polymorph (14)
 H - a wand of iceblast (22)
 I - a wand of digging (5)
Scrolls
 a - a scroll of vulnerability {unknown}
 d - 2 scrolls of teleportation
 e - 4 scrolls of enchant weapon {unknown}
 f - 5 scrolls of fog
 m - 4 scrolls of noise {unknown}
 p - 2 scrolls of revelation {unknown}
 q - 2 scrolls of blinking {unknown}
 r - a scroll of immolation {unknown}
 y - 2 scrolls of fear {unknown}
 F - a scroll of silence {unknown}
 G - a scroll of identify
 N - 4 scrolls of amnesia {unknown}
 R - 2 scrolls of torment {unknown}
 S - a scroll of poison {unknown}
Potions
 c - a potion of lignification
 h - a potion of resistance {unknown}
 i - 3 potions of berserk rage
 k - 11 potions of curing
 n - 2 potions of attraction
 o - 2 potions of haste {unknown}
 t - 2 potions of magic
 u - 2 potions of degeneration
 z - 3 potions of enlightenment
 E - 4 potions of heal wounds
 K - a potion of cancellation {unknown}
 L - a potion of invisibility {unknown}
 O - 3 potions of might {unknown}
Miscellaneous
 U - a condenser vane


   Skills:
 - Level 10.0 Fighting
 + Level 4.8 Short Blades
 - Level 4.0 Armour
 - Level 8.0 Dodging
 - Level 8.0 Stealth
 - Level 4.0 Shields
 + Level 12.4 Spellcasting
 + Level 12.4 Conjurations
 + Level 12.4 Hexes
   Level 0.0 Charms
 + Level 12.4 Summonings
 + Level 12.4 Necromancy
 + Level 12.4 Translocations
   Level 0.0 Transmutations
 + Level 12.4 Fire Magic
 + Level 12.4 Ice Magic
 + Level 12.4 Air Magic
 + Level 12.4 Earth Magic
 + Level 12.4 Alchemy


You knew the following spells:

 Your Spells              Type           Power      Damage    Failure   Level
a - Sting                 Conj/Alch      100%       1d9       1%          1
b - Mercury Vapours       Alch/Air       100%       N/A       1%          2
c - Mephitic Cloud        Conj/Alch/Air  67%        N/A       1%          3
d - Olgreb's Toxic Radia  Alch           67%        N/A       1%          4
e - Sticky Flame          Fire/Alch      67%        2d11      1%          4
f - Magic Dart            Conj           100%       1d8       1%          1
g - Lesser Beckoning      Tloc           100%       N/A       1%          2
h - Swiftness             Air            67%        N/A       1%          3
i - Cause Fear            Hex            33%        N/A       1%          4
j - Iskenderun's Mystic   Conj/Tloc      67%        2d14      1%          4
k - Curse of Agony        Necr           67%        N/A       1%          5
Your spell library was empty.

Dungeon Overview and Level Annotations

Branches:
Dungeon (12/15)            Temple (1/1) D:7            Lair (2/5) D:9
    Orc (2/2) D:11            Elf (0/3) Orc:2       Gauntlet (1/1)
  Swamp: Lair:2-3    Shoals: Lair:2-3     Snake: Lair:2-3    Spider: Lair:2-3

Altars:
Ashenzari
Cheibriados
Dithmenos
Elyvilon
Fedhas
Gozag
Hepliaklqana
Makhleb
Nemelex Xobeh
Okawaru
Qazlal
Ru
Trog
Uskayaw
Wu Jian
Xom
Yredelemnul
Zin
The Shining One

Shops:
D:6 [   Orc:1 *!:   Orc:2 [*!::

Annotations:
D:12 exclusion: skeletal warrior Gauntlet 10 transporters, 1 runed translucent door, exclusion: ice statue


Innate Abilities, Weirdness & Mutations

You are immune to sickness and miasma.
You are immune to poison.
Your flesh is very heat resistant. (rF++)
You are vulnerable to cold. (rC-)
You float through the air rather than walking.
You learn spells naturally, not from books.
Your magical power is your life essence.
You have superior vitality. (+4 MHP)


Message History

The shadow imp gestures at you. You resist with some effort.
You see here a staff of death.
The shadow imp sputters.
There is a transporter here.
The shadow imp attacks as it pursues you!
You block the shadow imp's attack.
You see here a condenser vane.
U - a condenser vane You block the shadow imp's attack.
You hit the shadow imp but do no damage.
The reaper hits you from afar with a +2 scythe of protection!!
The shadow imp closely misses you.
Casting: Olgreb's Toxic Radiance (safe; 1% risk of failure)
Confirm with . or Enter, or press ? or * to list all spells.
Aiming: Sticky Flame (safe; 1% risk of failure)
Press: ? - help, Shift-Dir - straight line, f - shadow imp
Aim: a shadow imp The sticky flame hits the shadow imp!
You kill the shadow imp!
Makhleb accepts your kill.
You feel better.
The thrashing horror roars!
The reaper hits you from afar with a +2 scythe of protection!
* * * LOW HITPOINT WARNING * * *
The reaper drags you backwards!
You enter the transporter and appear at another place.
The reaper hits you with a +2 scythe of protection!
* * * LOW HITPOINT WARNING * * *
You block the reaper's attack. The reaper attacks as it pursues you!
You block the reaper's attack.
Casting: Sticky Flame (safe; 1% risk of failure)
Confirm with . or Enter, or press ? or * to list all spells.
You erupt in a blast of force!
The mystic blast hits the reaper but does no damage.
The entropy weaver shouts!
The jumping spider's many legs skitter faintly.
* * * LOW HITPOINT WARNING * * *
The reaper hits you from afar with a +2 scythe of protection!!
You die...

##..#...#.#©#.#.B=©.!.#.#x.#©#![
#≈..#.#.#.(##.#..^.##.#.#X#.#.#.
##..#.#.#$[.#.#.^##.#.#.#.#.#.#.
#§..#.#.©####.#B.#©.#.#.#..#©#..
##..#.#.....#.#.#..##.#.#.#.#.#.
#≈..#..####.#.#.####..#.#X#.#.#.
##..#.......#.#ss.....#.#x.#.#..
#≈..############################
###...#.©......@.2©.........©.#.
#§...#...........©...........#.
###..#########################.
#≈.........#=.≈|©..≈.#........
###........#.≈...≈.≈.#..§.....
#≈#≈#≈#..#.≈≈...≈..#..#≈#≈#≈
#######..#.≈.≈≈≈.≈.#..######
#≈..#≈..≈.≈.≈≈#..§#
#######..#≈.≈...≈..#..######


You could see a reaper, an entropy weaver, a wolf spider and a jumping spider.

Vanquished Creatures
  2 ogre magi (Orc:2)
  A centaur warrior (D:12)
  6 two-headed ogres
  Urug (D:11)
  An orc high priest (Orc:1)
  A skeletal warrior (D:12)
  9 orc sorcerers
  4 kobold blastminers
  A torpor snail (Gauntlet)
  2 gargoyles
  3 cane toads (Lair:1)
  A kobold demonologist (D:11)
  4 komodo dragons
  5 trolls
  Grinder (D:4)
  5 blink frogs (Lair:1)
  2 hornets
  A shadow (D:9)
  A basilisk (Lair:1)
  2 wraiths
  12 yaks
  A wyvern (D:9)
  A steam dragon (D:9)
  An acid dragon (D:8)
  A water moccasin (Lair:1)
  4 ice beasts
  2 black bears
  10 orc warriors
  A sky beast (D:6)
  9 ogres
  15 wolves
  4 centaurs
  2 phantoms
  4 kobold brigands
  3 bullfrogs
  A gnoll sergeant (D:9)
  2 scorpions
  16 wights
  2 killer bees (D:8)
  An electric eel (D:9)
  2 howler monkeys
  2 bombardier beetles
  7 hounds
  4 jellies
  10 orc priests
  A sleepcap (D:5)
  An iguana (D:5)
  42 orc wizards
  8 gnolls
  11 adders
  3 shadow imps
  6 white imps
  2 dart slugs
  2 ribbon worms (D:2)
  69 orcs
  7 ball pythons
  7 endoplasms
  3 giant cockroaches
  7 goblins
  11 hobgoblins
  3 jackals (D:4)
  6 quokkas
  6 bats
  2 frilled lizards
  16 kobolds
  2 rats
385 creatures vanquished.

Vanquished Creatures (others)
  A scorpion (D:6)
  2 wights (D:6)
3 creatures vanquished.

Grand Total: 388 creatures vanquished

Notes
Turn   | Place    | Note
-------+----------+-------------------------------------------
     0 | D:1      | MacCMillion the Djinni Alchemist began the quest for the
                  | Orb.
     0 | D:1      | MacCMillion set off with the following spells memorised:
                  | Sting, Mercury Vapours, Mephitic Cloud, Olgreb's Toxic
                  | Radiance, Sticky Flame.
     0 | D:1      | Reached XP level 1. HP: 15/15 MP: 0/0
   201 | D:1      | Reached XP level 2. HP: 21/21 MP: 0/0
   399 | D:1      | Reached XP level 3. HP: 23/25 MP: 0/0
   399 | D:1      | Learned a level 1 spell: Magic Dart
  1084 | D:2      | Reached XP level 4. HP: 29/31 MP: 0/0
  1362 | D:2      | Reached XP level 5. HP: 33/35 MP: 0/0
  1362 | D:2      | Learned a level 2 spell: Lesser Beckoning
  1589 | D:2      | Found a faded altar of an unknown god.
  2538 | D:4      | Reached skill level 5 in Spellcasting
  2538 | D:4      | Reached skill level 5 in Conjurations
  2538 | D:4      | Reached skill level 5 in Hexes
  2538 | D:4      | Reached skill level 5 in Summonings
  2538 | D:4      | Reached skill level 5 in Necromancy
  2538 | D:4      | Reached skill level 5 in Translocations
  2538 | D:4      | Reached skill level 5 in Fire Magic
  2538 | D:4      | Reached skill level 5 in Ice Magic
  2538 | D:4      | Reached skill level 5 in Air Magic
  2538 | D:4      | Reached skill level 5 in Earth Magic
  2538 | D:4      | Reached skill level 5 in Alchemy
  2540 | D:4      | Reached XP level 6. HP: 18/40 MP: 0/0
  2589 | D:4      | Noticed an ogre
  2780 | D:4      | Killed an ogre
  3205 | D:4      | Reached XP level 7. HP: 32/45 MP: 0/0
  3205 | D:4      | Learned a level 3 spell: Swiftness
  3380 | D:4      | Noticed Grinder
  3393 | D:4      | Killed Grinder
  3394 | D:4      | Reached skill level 1 in Fighting
  3557 | D:4      | Found a glowing silver altar of Zin.
  3654 | D:5      | Entered Level 5 of the Dungeon
  3669 | D:5      | Reached XP level 8. HP: 50/55 MP: 0/0
  4399 | D:5      | Found the +18 Lear's hauberk
  5280 | D:6      | Found Qerreod's Antique Armour Shoppe.
  5288 | D:6      | Reached skill level 5 in Dodging
  5311 | D:6      | Reached XP level 9. HP: 29/63 MP: 0/0
  5311 | D:6      | Learned a level 4 spell: Cause Fear
  5554 | D:6      | Reached skill level 5 in Fighting
  6194 | D:6      | Identified the +4 rapier of Crawling {flame, Str-3 Dex+7}
  7539 | D:7      | Reached XP level 10. HP: 68/72 MP: 0/0
  7559 | D:7      | Found a staircase to the Ecumenical Temple.
  7642 | Temple   | Entered the Ecumenical Temple
  7648 | Temple   | Became a worshipper of Makhleb the Destroyer
  8057 | D:7      | Reached skill level 1 in Shields
  8134 | D:8      | Found a shadowy altar of Dithmenos.
  8244 | D:8      | Noticed a two-headed ogre
  8586 | D:8      | Killed a two-headed ogre
  9806 | D:9      | Reached * piety under Makhleb
 10414 | D:9      | Found a glowing golden altar of the Shining One.
 10452 | D:9      | Reached XP level 11. HP: 44/76 MP: 0/0
 10452 | D:9      | Learned a level 4 spell: Iskenderun's Mystic Blast
 10523 | D:9      | Reached skill level 10 in Spellcasting
 10523 | D:9      | Reached skill level 10 in Conjurations
 10523 | D:9      | Reached skill level 10 in Hexes
 10523 | D:9      | Reached skill level 10 in Summonings
 10523 | D:9      | Reached skill level 10 in Necromancy
 10523 | D:9      | Reached skill level 10 in Translocations
 10523 | D:9      | Reached skill level 10 in Fire Magic
 10523 | D:9      | Reached skill level 10 in Ice Magic
 10523 | D:9      | Reached skill level 10 in Air Magic
 10523 | D:9      | Reached skill level 10 in Earth Magic
 10523 | D:9      | Reached skill level 10 in Alchemy
 10589 | D:9      | Found a white marble altar of Elyvilon.
 10635 | D:9      | Found a staircase to the Lair.
 10641 | D:9      | Reached skill level 1 in Armour
 10797 | D:9      | Noticed a two-headed ogre
 10815 | D:9      | Killed a two-headed ogre
 11080 | D:9      | Found a snail-covered altar of Cheibriados.
 11080 | D:9      | Found a bloodstained altar of Trog.
 11370 | D:10     | Entered Level 10 of the Dungeon
 11370 | D:10     | Noticed a two-headed ogre
 11379 | D:10     | Killed a two-headed ogre
 11380 | D:10     | Reached ** piety under Makhleb
 11551 | D:10     | Found an opulent altar of Gozag.
 12131 | D:10     | Identified the flux talisman "Qackapt" {+Blink rF- Will+
                  | Dex+2}
 12537 | D:11     | Noticed Urug
 12551 | D:11     | Killed Urug
 12604 | D:11     | Identified the ring "Tena" {rC+ Str+6 Int+3}
 12701 | D:11     | Found a staircase to the Orcish Mines.
 13061 | D:11     | Reached XP level 12. HP: 49/86 MP: 0/0
 13131 | D:11     | Reached skill level 5 in Stealth
 13132 | D:11     | Identified the +5 ring mail of the Rhinotaur {rPois rN+++
                  | Dex+3}
 13218 | D:11     | Noticed a two-headed ogre
 13233 | D:11     | Killed a two-headed ogre
 13247 | Orc:1    | Entered Level 1 of the Orcish Mines
 13247 | Orc:1    | Noticed an orc high priest
 13255 | Orc:1    | Killed an orc high priest
 13486 | Orc:1    | Found Antesoet's Book Shoppe.
 13563 | Orc:2    | Entered Level 2 of the Orcish Mines
 13577 | Orc:2    | Found Giraduj's Assorted Antiques.
 13590 | Orc:2    | Bought a scroll labelled TUORGH YSKO for 17 gold pieces
 13590 | Orc:2    | Bought a scroll labelled KEUHAE JYOMECU for 17 gold pieces
 13590 | Orc:2    | Bought a scroll labelled CYACEM HUOQI for 17 gold pieces
 13590 | Orc:2    | Bought a scroll labelled PENTUNIDON for 17 gold pieces
 13590 | Orc:2    | Bought a lumpy sapphire potion for 15 gold pieces
 13590 | Orc:2    | Bought a brown potion for 15 gold pieces
 13614 | Orc:2    | Noticed a two-headed ogre
 13624 | Orc:2    | Killed a two-headed ogre
 13687 | Orc:2    | Found a staircase to the Elven Halls.
 13809 | Orc:2    | Reached *** piety under Makhleb
 13936 | Orc:2    | Found Vammidd's Book Boutique.
 13964 | Orc:2    | Noticed an ogre mage
 13985 | Orc:2    | Noticed a sun demon
 14001 | Orc:2    | Noticed an ogre mage
 14007 | Orc:2    | Found Zoenok's Book Shop.
 14007 | Orc:2    | Killed an ogre mage
 14063 | Orc:2    | Found Rathrema's Distillery.
 14082 | Orc:2    | Killed an ogre mage
 14084 | Orc:2    | Bought a potion of heal wounds for 60 gold pieces
 14084 | Orc:2    | Bought a potion of degeneration for 12 gold pieces
 14097 | Orc:2    | Reached **** piety under Makhleb
 14098 | Orc:2    | Reached XP level 13. HP: 89/95 MP: 0/0
 14098 | Orc:2    | Learned a level 5 spell: Curse of Agony
 14124 | Orc:2    | Found Dorewuf's Antique Armour Shop.
 14132 | Orc:2    | Bought a pair of glowing gloves for 210 gold pieces
 14388 | Orc:1    | Found Tosikkun's Assorted Antiques.
 14396 | Orc:1    | Reached skill level 10 in Fighting
 14435 | Orc:1    | Found Yzxodd's Distillery.
 14881 | D:12     | Reached skill level 1 in Short Blades
 14961 | D:12     | Noticed a centaur warrior
 14984 | D:12     | Killed a centaur warrior
 15139 | Lair:1   | Entered Level 1 of the Lair of Beasts
 15231 | Lair:1   | Identified the +8 war axe of the Shining Light {drain,
                  | *Slow rF++ SInv}
 15671 | Lair:1   | Identified the +5 chain mail "Qucserr" {rElec rF+ Str+4}
 15726 | Lair:1   | You are sucked into a shaft and drop 1 floor!
 15726 | Lair:2   | Found a gate leading to a gauntlet.
 15748 | Gauntlet | Entered a Gauntlet
 15748 | Gauntlet | Found a transporter.
 15748 | Gauntlet | Found a transporter.
 15754 | Gauntlet | Found a transporter.
 15755 | Gauntlet | Found a runed translucent door.
 15756 | Gauntlet | Found a runed translucent door.
 15767 | Gauntlet | Found a transporter.
 15784 | Gauntlet | Noticed a reaper
 15785 | Gauntlet | Found a transporter.
 15785 | Gauntlet | Found a transporter.
 15785 | Gauntlet | Found a transporter.
 15788 | Gauntlet | Found a transporter.
 15788 | Gauntlet | Found a transporter.
 15800 | Gauntlet | Found a transporter.
 15818 | Gauntlet | Found a transporter.
 15821 | Gauntlet | Noticed an entropy weaver
 15825 | Gauntlet | Found a transporter.
 15831 | Gauntlet | Noticed a blizzard demon
 15843 | Gauntlet | Found a transporter.
 15863 | Gauntlet | Found a transporter.
 15926 | Gauntlet | Identified the ring of the Evil One {Fire rPois}
 15955 | Gauntlet | Identified the ring of the Lily {*Slow Fly MP+9 Int+4}
 15972 | Gauntlet | Mangled by a reaper

Illustrated notes

Levels and vault maps discovered:
D:1:      scummos_arrival_forest, layout_basic, minmay_tromino_v2
D:2:      layout_basic, hellmonk_ecumenical_altar_zigzags, nicolae_grassy_gnolls
D:3:      layout_basic
D:4:      layout_cave_pools, mainiacjoe_overflow_alcove_1, uniq_grinder
D:5:      layout_basic, serial_library_regret_index_headful
D:6:      layout_rooms, fiery_altar_vehumet, serial_shops,
          nicolae_stop_n_shop_2, minmay_crossroads
D:7:      nicolae_cairo_tiling, layout_basic
D:8:      layout_cave_pools, amcnicky_altar_gilded, hangedman_decor_lopped,
          minmay_checkerbox
D:9:      layout_basic, mainiacjoe_overflow_brackets,
          gammafunk_temple_overflow_elements, kennysheep_little_box,
          erik_lair_island
D:10:     layout_loops_ring, grunt_gozag_breadcrumbs
D:11:     layout_basic, orc_0_dummy, uniq_urug
D:12:     layout_rooms, fungi_pond_lemuel
Temple:   eino_narrow_crystal_temple
Lair:1:   layout_loops_ring, serial_bayou_shore_b
Lair:2:   layout_small_grid, gauntlet_entry_generic, wad_woods_03
Orc:1:    layout_caves, serial_shops, shop, nicolae_shop_behind_doors,
          nicolae_shop_tiny_statue_garden
Orc:2:    kennysheep_orc_mage_school, layout_diamond_mine, basic_altar,
          serial_shops, nicolae_shop_hallway_plus
Gauntlet: gammafunk_gauntlet_mixed_choke_point
          [minmay_gauntlet_arena_77_block_sizes,
          minmay_gauntlet_arena_77_squiggly, minmay_gauntlet_arena_77_cramped,
          nicolae_gauntlet_arena_flowing_pool,
          minmay_gauntlet_arena_77_radiant_squares,
          minmay_gauntlet_arena_77_hold_the_fort,
          minmay_gauntlet_arena_77_braids, gauntlet_exit_hidden_loot]

Skill      XL: |  1  2  3  4  5  6  7  8  9 10 11 12 13 |
---------------+----------------------------------------+-----
Stealth        | 2 4 7 8 |  8.0
Spellcasting   | 4 5 6 7 9 10 11 12 | 12.4
Conjurations   | 4 5 6 7 9 10 11 12 | 12.4
Hexes          | 4 5 6 7 9 10 11 12 | 12.4
Summonings     | 4 5 6 7 9 10 11 12 | 12.4
Necromancy     | 4 5 6 7 9 10 11 12 | 12.4
Translocations | 4 5 6 7 9 10 11 12 | 12.4
Fire Magic     | 4 5 6 7 9 10 11 12 | 12.4
Ice Magic      | 4 5 6 7 9 10 11 12 | 12.4
Air Magic      | 4 5 6 7 9 10 11 12 | 12.4
Earth Magic    | 4 5 6 7 9 10 11 12 | 12.4
Alchemy        | 4 5 6 7 9 10 11 12 | 12.4
Fighting       | 2 4 6 7 9 10 | 10.0
Dodging        | 3 5 7 8 |  8.0
Shields        | 4 |  4.0
Armour         | 4 |  4.0
Short Blades   | 4 |  4.8

Action                     |  1- 3 |  4- 6 |  7- 9 | 10-12 | 13-15 || total
---------------------------+-------+-------+-------+-------+-------++-------
  Melee: Dagger            |     1 |    10 |    20 |       |       ||    31
         Rapier            |       |       |     3 |    71 |    65 ||   139
   Cast: Sting             |    41 |    86 |    65 |    41 |    13 ||   246
         Magic Dart        |     3 |     6 |    11 |    12 |     5 ||    37
         Mephitic Cloud    |       |     7 |     7 |    64 |    18 ||    96
         Olgreb's Toxic Ra |       |     5 |    14 |    77 |    23 ||   119
         Sticky Flame      |       |       |    38 |    28 |    12 ||    78
         Iskenderun's Myst |       |       |       |     2 |     1 ||     3
         Cause Fear        |       |       |       |     1 |       ||     1
    Use: Scroll            |       |     3 |     2 |     1 |     2 ||     8
   Stab: Confused          |       |       |     1 |    17 |    10 ||    28
         Sleeping          |       |       |     1 |     3 |     1 ||     5
         Distracted        |       |       |       |       |     1 ||     1
 Armour: Robe              |     1 |    12 |       |       |       ||    13
         Leather armour    |       |    16 |    47 |    17 |       ||    80
         Acid dragon scale |       |       |       |    33 |       ||    33
         Troll leather arm |       |       |       |    12 |    36 ||    48
  Dodge: Dodged            |     4 |    13 |    50 |    65 |    43 ||   175
  Block: Buckler           |       |       |       |    16 |    46 ||    62
         Reflection        |       |       |       |     5 |     2 ||     7

Table legend: (Time is in decaauts)
 A = Elapsed time spent in this place.
 B = Non-inter-level travel time spent in this place.
 C = Inter-level travel time spent in this place.
 D = Time resting spent in this place.
 E = Time spent auto-exploring this place.
 F = Levels seen in this place.
 G = Mean time per level.
                   A        B        C        D        E       F      G
               +--------+--------+--------+--------+--------+-----+--------+
         Total |  16013 |  15093 |    920 |   3878 |   8595 |  18 |  889.6 |
       Dungeon |  13771 |  13082 |    689 |   3867 |   7192 |  12 | 1147.6 |
        Temple |     12 |     12 |      0 |      0 |      0 |   1 |   12.0 |
          Lair |    611 |    567 |     44 |      0 |    413 |   2 |  305.5 |
  Orcish Mines |   1389 |   1204 |    185 |     11 |    854 |   2 |  694.5 |
      Gauntlet |    228 |    228 |      0 |      0 |    136 |   1 |  228.0 |
               +--------+--------+--------+--------+--------+-----+--------+

Top non-repeatable levels by time:
     D:7: 1914 daAuts
     D:5: 1705 daAuts
     D:6: 1630 daAuts
     D:8: 1304 daAuts
     D:9: 1187 daAuts
    D:10: 1065 daAuts
    D:11: 1062 daAuts
     D:4: 976 daAuts
     D:1: 958 daAuts
     D:2: 921 daAuts
   Orc:2: 869 daAuts
     D:3: 800 daAuts
  Lair:1: 589 daAuts
   Orc:1: 519 daAuts
    D:12: 245 daAuts
